 Dungeon Crawl Stone Soup version 0.15.0-12-gccce430 (webtiles) character file.

7991 Leibowitz the Nimble (level 11, -13/89 HPs)
             Began as a Merfolk Gladiator on Sept 1, 2014.
             Was a High Priest of Okawaru.
             Mangled by a spiny frog (20 damage)
             ... on Level 1 of the Lair of Beasts on Sept 2, 2014.
             The game lasted 00:56:36 (12748 turns).

Leibowitz the Nimble (Merfolk Gladiator)           Turns: 12748, Time: 00:56:37

HP -13/89        AC  9     Str 16      XL: 11   Next: 23%
MP  10/11        EV 28     Int  8      God: Okawaru [*****.]
Gold 447         SH  0     Dex 17      Spells:  0 memorised, 10 levels left

rFire  + . .     SeeInvis .     a - +0 trident
rCold  . . .     Clarity  .     o - +2 robe {rF+}
rNeg   . . .     rCorr    .     (no shield)
rPois  .         rRot     .     c - +0 helmet
rElec  .         Spirit   .     w - +0 cloak
SustAb +         Warding  .     H - +0 pair of gloves (curse)
rMut   +         Stasis   .     C - +0 pair of boots
Gourm  .                        i - amulet of resist mutation
MR     .....                    (no ring)
                                z - ring of sustain abilities

@: lethally poisoned, heroism, not resistant to hostile enchantments, stealthy
A: change form in water, swift swim
a: Heroism, Finesse, Renounce Religion


You were on level 1 of the Lair of Beasts.
You worshipped Okawaru.
Okawaru was extremely pleased with you.
You were not hungry.

You visited 3 branches of the dungeon, and saw 10 of its levels.
You also visited: Ossuary.

You collected 447 gold pieces.

Inventory:

Hand weapons
 a - a +0 trident (weapon)
 r - a cursed +0 blowgun
 F - a +0 trident
Missiles
 d - 6 throwing nets
 s - 8 needles of slowing
 u - 16 stones (quivered)
 O - 7 poisoned tomahawks
Armour
 c - a +0 helmet (worn)
 o - a +2 robe of fire resistance (worn)
 w - a +0 cloak (worn)
 C - a +0 pair of boots (worn)
 H - a cursed +0 pair of gloves (worn)
 N - a +0 leather armour of cold resistance
Magical devices
 b - a wand of heal wounds (2)
 l - a wand of teleportation (0)
 A - a wand of disintegration (5)
Comestibles
 t - 4 fruits
 M - a meat ration
Scrolls
 e - 7 scrolls of remove curse
 f - a scroll of torment {unknown}
 g - a scroll of immolation
 k - 4 scrolls of teleportation {unknown}
 p - 4 scrolls of identify {unknown}
 q - 5 scrolls of amnesia {unknown}
 v - 4 scrolls of fear {unknown}
 x - a scroll of noise {unknown}
 y - 3 scrolls of recharging {unknown}
 E - 3 scrolls of enchant weapon {unknown}
 J - a scroll of summoning {unknown}
 K - a scroll of random uselessness {unknown}
Jewellery
 h - an uncursed ring of teleportation
 i - an amulet of resist mutation (around neck)
 j - an uncursed amulet of stasis
 z - a ring of sustain abilities (left hand)
 B - an uncursed ring of regeneration
 I - a cursed amulet of resist corrosion
Potions
 n - a potion of agility
 D - 2 potions of cancellation
Books
 G - Sif Muna's Papyrus of Earth
   (You found it on level 5 of the Dungeon)

   Spells                             Type                      Level
   Sandblast                          Earth                        1
 L - a book of the Sky

   Spells                             Type                      Level
   Flight                             Charms/Air                   3
   Airstrike                          Air                          4
   Silence                            Hexes/Air                    5
   Deflect Missiles                   Charms/Air                   6
   Conjure Ball Lightning             Conjuration/Air              6
   Tornado                            Air                          9


   Skills:
 * Level 9.3(14.3) Fighting
 + Level 12.4(17.4) Polearms
 + Level 2.8(7.8) Throwing
 + Level 0.8(5.8) Armour
 * Level 14.6(19.6) Dodging
 + Level 4.3(9.3) Stealth
 + Level 0.4 Invocations


You had 10 spell levels left.
You didn't know any spells.

Dungeon Overview and Level Annotations

Branches:
Dungeon (8/15)             Temple (1/1) D:6            Lair (1/8) D:8

Altars:
Ashenzari
Cheibriados
Dithmenos
Elyvilon
Fedhas
Kikubaaqudgha
Makhleb
Nemelex Xobeh
Okawaru
Qazlal
Sif Muna
Trog
Vehumet
Xom
Yredelemnul
Zin
The Shining One


Message History

* * * LOW HITPOINT WARNING * * *
You feel sick. The spiny frog closely misses you.
You hit the spiny frog but do no damage.
The spiny frog is almost dead.
* * * LOW HITPOINT WARNING * * *
You feel sick.
The spiny frog stings you but does no damage.
You closely miss the spiny frog.
The spiny frog is almost dead.
* * * LOW HITPOINT WARNING * * *
You feel sick. The spiny frog completely misses you.
You closely miss the spiny frog.
The spiny frog is almost dead.
* * * LOW HITPOINT WARNING * * *
You feel sick.
You hit the spiny frog but do no damage.
The spiny frog is almost dead.
* * * LOW HITPOINT WARNING * * *
You feel sick. The spiny frog stings you!!
You die...

#.# #...#..#
###.#####..##...#
#.....#...# ....
...P..###.....#
#.... .....#
#......## #....
.....
#P...#..P#### ....
...
#...###..#..#...##
. ..#.##
##..#......# ##...
#..@F....# ###.
#.........# ..
#.#......##
........$##
#...###....# ..#
##...# # #... .##


You could see a spiny frog.

Vanquished Creatures
  Pikel (D:4)
  The ghost of ANDROIDp the Firebug, an experienced DrFE (D:6)
  A black mamba (Lair:1)
  A komodo dragon (Lair:1)
  A fire drake (D:8)
  A wraith (D:7)
  5 yaks (Lair:1)
  A wyvern (D:8)
  The ghost of Leibowitz the Poker, an average MfGl (D:4)
  9 wolves (Lair:1)
  A steam dragon (D:8)
  Edmund (D:4)
  3 ice beasts
  A water moccasin (Lair:1)
  A black bear (D:8)
  2 necrophages (D:7)
  An ogre (D:6)
  2 orc warriors
  A sky beast (D:8)
  A big kobold (D:7)
  3 centaurs
  An elf skeleton (D:7)
  5 giant frogs
  2 scorpions
  4 killer bees (D:6)
  A crimson imp (D:6)
  4 hounds
  2 jellies
  2 yellow wasp zombies
  3 human zombies (D:7)
  5 orc priests
  A centaur skeleton (D:4)
  2 human skeletons (D:7)
  8 worker ants
  7 iguanas
  8 orc wizards
  An ogre zombie (D:7)
  Ijyb (D:3)
  Jessica (D:2)
  6 big kobold zombies (Ossuary)
  A hound zombie (D:6)
  4 mummies
  4 gnolls (D:4)
  15 green rats (Lair:1)
  12 adders
  5 worms
  9 giant geckos
  2 oozes
  21 orcs
  3 spectral bats (Ossuary)
  8 bats
  4 bat simulacra (Ossuary)
  7 giant cockroaches
  6 gnoll zombies (Ossuary)
  12 hobgoblins
  8 jackals
  10 quokkas
  A ball python (D:3)
  A ball python skeleton (D:4)
  4 giant newts
  9 goblins
  2 goblin simulacra (Ossuary)
  8 goblin zombies
  4 hobgoblin zombies
  14 kobolds
  A kobold skeleton (D:6)
  5 kobold zombies (Ossuary)
  2 orc skeletons
  3 orc zombies (Ossuary)
  10 rats
  A rat simulacrum (Ossuary)
  4 spectral goblins (Ossuary)
  3 spectral kobolds (Ossuary)
  3 spectral rats (Ossuary)
  A ballistomycete (D:7)
310 creatures vanquished.

Vanquished Creatures (others)
  Duvessa (D:4)
  Dowan (D:4)
  An orc wizard (D:4)
  An adder (D:4)
  4 orcs
  A bat (D:4)
  A hobgoblin (D:4)
  A giant spore (D:7)
  A goblin (D:4)
12 creatures vanquished.

Grand Total: 322 creatures vanquished

Notes
Turn   | Place    | Note
--------------------------------------------------------------
     0 | D:1      | Leibowitz, the Merfolk Gladiator, began the quest for the Orb.
     0 | D:1      | Reached XP level 1. HP: 16/16 MP: 1/1
   281 | D:1      | Reached XP level 2. HP: 21/23 MP: 2/2
   546 | D:2      | Reached skill level 5 in Polearms
   865 | D:2      | Reached XP level 3. HP: 26/28 MP: 3/3
   883 | D:2      | Noticed Jessica
  1128 | D:2      | Killed Jessica
  1174 | D:2      | Reached XP level 4. HP: 25/34 MP: 4/4
  2063 | D:3      | Reached XP level 5. HP: 23/41 MP: 5/5
  2103 | D:3      | Found an iron altar of Okawaru.
  2117 | D:3      | Became a worshipper of Warmaster Okawaru
  2201 | D:3      | Reached skill level 6 in Polearms
  2201 | D:3      | Reached skill level 5 in Dodging
  2385 | D:3      | Noticed Ijyb
  2395 | D:3      | Killed Ijyb
  2946 | D:4      | Reached XP level 6. HP: 40/48 MP: 6/6
  3285 | D:4      | Noticed Leibowitz's ghost (average MfGl)
  3311 | D:4      | Reached skill level 7 in Polearms
  3343 | D:4      | Found a sand-covered staircase.
  3355 | Ossuary  | Entered an ossuary
  3806 | Ossuary  | Reached skill level 1 in Stealth
  3806 | Ossuary  | Reached XP level 7. HP: 49/55 MP: 7/7
  4124 | D:4      | Killed Leibowitz's ghost
  4124 | D:4      | Acquired Okawaru's first power
  4124 | D:4      | Reached skill level 5 in Fighting
  4294 | D:4      | Reached skill level 8 in Polearms
  4336 | D:4      | Noticed a slave
  4338 | D:4      | Noticed Pikel
  4338 | D:4      | Noticed a slave
  4338 | D:4      | Noticed a slave
  4339 | D:4      | Noticed a slave
  4375 | D:4      | Killed Pikel
  4375 | D:4      | Reached XP level 8. HP: 23/64 MP: 5/8
  4614 | D:4      | Killed Duvessa
  4621 | D:4      | Killed Dowan
  4677 | D:4      | Reached skill level 9 in Dodging
  4815 | D:4      | Found a basalt altar of Yredelemnul.
  4922 | D:4      | Noticed Edmund
  4946 | D:4      | Killed Edmund
  5010 | D:5      | Entered Level 5 of the Dungeon
  5740 | D:5      | Found a deep blue altar of Sif Muna.
  5785 | D:5      | Identified Sif Muna's Papyrus of Earth
  6064 | D:6      | Reached XP level 9. HP: 52/70 MP: 9/9
  6069 | D:6      | Noticed ANDROIDp's ghost (experienced DrFE)
  6103 | D:6      | Reached skill level 10 in Dodging
  6113 | D:6      | Killed ANDROIDp's ghost
  6113 | D:6      | Reached skill level 10 in Polearms
  6345 | D:6      | Found a staircase to the Ecumenical Temple.
  6665 | D:6      | Reached skill level 11 in Dodging
  6700 | Temple   | Entered the Ecumenical Temple
  8634 | D:7      | Found a snail-covered altar of Cheibriados.
  8745 | D:7      | Reached skill level 12 in Dodging
  8851 | D:7      | Found a shattered altar of Ashenzari.
  8934 | D:7      | Reached XP level 10. HP: 62/79 MP: 10/10
  9059 | D:7      | Received a gift from Okawaru
  9320 | D:7      | Found an ancient bone altar of Kikubaaqudgha.
  9889 | D:8      | Found a staircase to the Lair.
 10006 | D:8      | Reached skill level 13 in Dodging
 11219 | Lair:1   | Entered Level 1 of the Lair of Beasts
 11348 | Lair:1   | Got an ichor-stained leather armour
 11359 | Lair:1   | Identified the +0 leather armour of the Peasants {Str-3 Int+3} (You found it on level 1 of the Lair of Beasts)
 11747 | Lair:1   | Acquired Okawaru's second power
 11747 | Lair:1   | Reached skill level 14 in Dodging
 11759 | Lair:1   | Reached XP level 11. HP: 85/87 MP: 11/11
 11962 | Lair:1   | Noticed a black mamba
 11996 | Lair:1   | Killed a black mamba
 11996 | Lair:1   | Received a gift from Okawaru
 12748 | Lair:1   | Mangled by a spiny frog

Action                   |  1- 3 |  4- 6 |  7- 9 | 10-12 || total
-------------------------+-------+-------+-------+-------++-------
Melee: Trident           |   109 |   373 |   708 |   618 ||  1808
Throw: Throwing net      |       |     2 |     2 |       ||     4
       Stone             |       |       |    12 |    14 ||    26
Invok: Heroism           |       |       |     4 |     3 ||     7
Evoke: Wand              |       |       |     2 |       ||     2
  Use: Potion            |       |       |    12 |     4 ||    16
       Scroll            |       |       |       |     2 ||     2
 Stab: Held in net/web   |       |     1 |     3 |       ||     4
       Sleeping          |       |     9 |     9 |     9 ||    27
  Eat: Chunk             |       |     5 |       |       ||     5
       Pizza             |       |     1 |     1 |       ||     2
       Bread ration      |       |     1 |     4 |     1 ||     6
       Meat ration       |       |       |       |     1 ||     1
       Fruit             |       |       |       |     4 ||     4
